 Dungeon Crawl Stone Soup version 0.30-a0-465-g8901f6c8b5 (webtiles) character file.

Game seed: 15741538856186762704

3 Syeburn the Grave Robber (level 1, 11/14 HPs)
             Began as a Ghoul Necromancer on Nov 9, 2022.
             Quit the game on level 1 of the Dungeon on Dec 17, 2022.
             The game lasted 00:01:58 (69 turns).

Syeburn the Grave Robber (Ghoul Necromancer)          Turns: 69, Time: 00:01:58

Health: 11/14      AC:  2    Str: 11    XL:     1   Next: 50%
Magic:  2/2        EV: 12    Int: 10    God:
Gold:   0          SH:  0    Dex:  9    Spells: 2/3 levels left

rFire   . . .      SeeInvis .    (no weapon)
rCold   + . .      Faith    .    (no shield)
rNeg    + + +      Spirit   .    a - +0 robe
rPois   ∞          Reflect  .    (no helmet)
rElec   .          Harm     .    (no cloak)
rCorr   .          Rampage  .    (no gloves)
Will    .....                    (no boots)
Stlth   ++........               (no amulet)
HPRegen 0.22/turn                (no ring)
MPRegen 0.08/turn                (no ring)

@: no status effects
A: claws 1, cold resistance 1, negative energy resistance 3, inhibited
regeneration, torment resistance 2, devour on kill
a: no special abilities


You were on level 1 of the Dungeon.
You visited 1 branch of the dungeon, and saw 1 of its levels.

Inventory:

Armour
 a - a +0 robe (worn)
Potions
 b - a potion of magic


   Skills:
 + Level 1.7 Dodging
 + Level 2.2 Stealth
 + Level 1.7 Spellcasting
 + Level 4.1 Necromancy


You had 2 spell levels left.
You knew the following spells:

 Your Spells              Type           Power      Damage    Failure   Level
a - Necrotise             Necr           36%        1d5       6%          1

Your spell library contained the following spells:

 Spells                   Type           Power      Damage    Failure   Level
 Vampiric Draining        Necr           9%         2d6       17%         3
 Animate Dead             Necr           9%         N/A       50%         4
 Agony                    Necr           9%         N/A       85%         5


Dungeon Overview and Level Annotations

Branches:
Dungeon (1/15)

Altars:


Innate Abilities, Weirdness & Mutations

You are immune to poison.
You have sharp fingernails.
Your flesh is cold resistant. (rC+)
You are immune to negative energy. (rN+++)
You do not regenerate when monsters are visible.
You are immune to unholy pain and torment.
You thrive by killing the living.


Message History

You barely miss the goblin. The goblin misses you.
You scratch the goblin.
The goblin is almost dead.
The goblin barely misses you.
You scratch the goblin.
You kill the goblin!
The ball python closely misses you. The ball python barely misses you.
The ball python closely misses you. The ball python barely misses you.
You see here a +0 dagger.
You barely miss the ball python. The ball python misses you. x2
You scratch the ball python.
The ball python is severely wounded.
The ball python closely misses you. The ball python barely misses you.
You scratch the ball python but do no damage.
The ball python is severely wounded.
The ball python bites you. The ball python grabs you.
The ball python constricts you.
You barely miss the ball python.
The ball python is severely wounded.
The ball python bites you but does no damage.
The ball python constricts you.
You closely miss the ball python.
The ball python is severely wounded.
The ball python bites you. The ball python constricts you.
The ball python barely misses you. The ball python constricts you.
You scratch the ball python.
You kill the ball python!
You feel better.
An endoplasm comes into view.
You see here a +0 dagger.
Casting: Necrotise (safe; 6% risk of failure)
Confirm with . or Enter, or press ? or * to list all spells.
You don't know that spell.
You see here a +0 dagger.
Casting: Necrotise (safe; 6% risk of failure)
Confirm with . or Enter, or press ? or * to list all spells.
You don't know that spell.
Welcome back, Syeburn the Ghoul Necromancer.
Press ? for a list of commands and other information.
Are you sure you want to abandon this character and quit the game? (Confirm with "yes".)

..# #...##
..####.#..#
..#.......# ##
....♣♣.♣♣..# ..
..♣♣♣♣.♣♣ .### .##
.♣♣♣♣∩.∩♣♣♣♣.># ..
.♣♣∩.....∩♣♣..# .#
♣♣∩..♣♣♣..∩♣♣.#####.#
♣♣∩...<...∩♣♣..)@..#
♣♣∩..♣♣♣..∩♣♣.#####.#
.♣♣∩.....∩♣♣..# .#
.♣♣♣.∩∩∩♣.♣♣.># ..
#.♣.♣♣♣♣♣...### ###
##..♣♣♣♣♣..##
..........##
####..##### # ##.#


There were no monsters in sight!

Vanquished Creatures
  A ball python (D:1)
  A goblin (D:1)
  A rat (D:1)
3 creatures vanquished.

Notes
Turn   | Place    | Note
-------+----------+-------------------------------------------
     0 | D:1      | Syeburn the Ghoul Necromancer began the quest for the Orb.
     0 | D:1      | Reached XP level 1. HP: 14/14 MP: 2/2
    69 | D:1      | Upgraded the game from 0.30-a0-358-g0d69a1922f to
                  | 0.30-a0-465-g8901f6c8b5
    69 | D:1      | Quit the game

Illustrated notes

Levels and vault maps discovered:
D:1:      heliophobic_arrival_henge, layout_loops_ring

Action                   || total
-------------------------++-------
Melee: Unarmed           ||    15
 Cast: Necrotise         ||     1
Armor: Robe              ||     1
Dodge: Dodged            ||    16

Table legend: (Time is in decaauts)
 A = Elapsed time spent in this place.
 B = Non-inter-level travel time spent in this place.
 C = Inter-level travel time spent in this place.
 D = Time resting spent in this place.
 E = Time spent auto-exploring this place.
 F = Levels seen in this place.
 G = Mean time per level.
                   A        B        C        D        E       F      G
               +--------+--------+--------+--------+--------+-----+--------+
         Total |     69 |     59 |     10 |      0 |     20 |   1 |   69.0 |
       Dungeon |     69 |     59 |     10 |      0 |     20 |   1 |   69.0 |
               +--------+--------+--------+--------+--------+-----+--------+

Top non-repeatable levels by time:
     D:1: 69 daAuts
